Unix NetHack Version 5.0.0-0 post-release - last build May 23 2026 06:08:33 (1c0ff79ee797540d5714e4e18072db0edd9e58ae,branch:main).

Game began 2026-05-23 07:58:29, ended 2026-05-23 08:26:04.

Atomicjoy, chaotic male elven Wizard

                                                                --.#
                                                                |..`.
                                                                |#......
                                                               #-.....[..
                                               -------.        #..##......
                                                ..<.....       #.#  ---...----
                                                -.........    ...|     ......|
                                                -.....#.#---##.##-      ----.|
                                              ..........*......-#          |.--
                                             .......#-- -#--###.           |.f|
                                              .....###                    --..|
                                               .....##                    |..@|
                                                .....                     |..--
                                                                           ---

Atomicjoy the Conjurer    St:12 Dx:12 Co:16 In:19 Wi:8 Ch:9  Chaotic
Dlvl:4  $:681 HP:0(30) Pw:4(50) AC:5  Xp:4 T:1741 

Latest messages:
 The housecat misses the gecko.
 The housecat picks up a rock.
 The housecat drops a rock.
 The housecat picks up a rock.
 The housecat drops a rock.
 The housecat misses the gecko.
 The housecat misses the gecko.
 Are you waiting to get hit?  Use 'm' prefix to force a no-op (to rest).
 The housecat misses the gecko.
 The housecat misses the gecko.
 The housecat misses the gecko.
 The housecat bites the gecko.
 The gecko misses the housecat.
 The housecat picks up a rock.
 The housecat bites the gecko.
 The gecko is killed!
 You see here a rock.
 You see here a rock.
 The housecat drops a rock.
 The housecat picks up a rock.
 You descend the stairs.
 The housecat drops a rock.
 You see here a rock.
 A lit field surrounds you!
 The housecat picks up a rock.
 The housecat drops a rock.
 With great effort you move the boulder.
 You see here a scale mail.
 You hear some noises.
 You hear some noises in the distance.
 It hits!
 It hits again!
 In what direction? 7
 The spell misses it.
 You hear some noises.
 It just misses!
 It hits!
 What do you want to eat? [uwIS or ?*] <esc>
 Never mind.
 What do you want to write with? [- ac-el-nstxGJM-ORT-Z or ?*] ?
 You engrave in the floor with an elven dagger (alternate weapon; not wielded).
 What do you want to engrave in the floor here? Elbereth
 Your elven dagger gets dull.
 It hits!
 You die...
 Do you want your possessions identified? [ynq] (y) y
 Do you want to see your attributes? [ynq] (y) y
 Do you want an account of creatures vanquished? [ynaq] (y) y
 Do you want to see your conduct and achievements? [ynq] (y) n
 Do you want to see the dungeon overview? [ynq] (y) y

Inventory:
 Coins    ('$')
  $ - 681 gold pieces
 Weapons  (')')
  N - 18 +0 arrows
  R - a +0 bow
  Y - a +0 bow
  X - a +0 sling
  O - 16 +0 darts
  Z - a blessed +1 dagger
  M - 2 +0 daggers
  G - a -1 elven dagger (alternate weapon; not wielded)
  t - a +0 orcish dagger
  m - a cursed +1 aklys
  a - a blessed +1 quarterstaff (weapon in hands)
 Armor    ('[')
  C - an uncursed +1 orcish helm (being worn)
  E - an uncursed +0 pair of high boots (being worn)
  r - an uncursed +0 pair of iron shoes
  P - an uncursed +0 pair of iron shoes
  b - a blessed +0 cloak of magic resistance (being worn)
  Q - an uncursed +0 dwarvish cloak
 Comestibles  ('%')
  I - a cursed banana
  u - an uncursed food ration
  w - 2 uncursed lembas wafers
  S - an uncursed lichen corpse
 Scrolls  ('?')
  q - an uncursed scroll of amnesia named !c
  j - 2 uncursed scrolls of charging
  i - a blessed scroll of confuse monster
  k - an uncursed scroll of confuse monster
 Potions  ('!')
  f - an uncursed potion of confusion
  g - an uncursed potion of gain energy
  p - an uncursed potion of healing
  y - an uncursed potion of levitation
  h - an uncursed potion of monster detection
 Rings    ('=')
  x - a blessed +2 ring of increase damage
  e - an uncursed ring of searching
  d - an uncursed ring of teleportation
 Wands    ('/')
  s - a wand of probing (0:5)
  c - a wand of undead turning (0:6)
 Tools    ('(')
  o - an uncursed bugle
  n - a magic marker (0:22)
  A - an uncursed magic whistle
 Gems/Stones  ('*')
  U - an uncursed emerald
  W - an uncursed worthless piece of black glass
  T - an uncursed worthless piece of blue glass
  V - an uncursed worthless piece of white glass
  l - an uncursed worthless piece of yellow glass
  J - a cursed worthless piece of yellow glass

Atomicjoy the Wizard's attributes:

Background:
 You were a Conjurer, a level 4 male elven Wizard.
 You were chaotic, nominally on a mission for Anhur
 who was opposed by Ptah (lawful) and Thoth (neutral).
 You were right-handed.
 You were in the Gnomish Mines, on level 4.
 You entered the dungeon 1741 turns ago.
 You had 125 experience points, 35 more were needed to attain level 5.

Basics:
 You had 0 out of 30 hit points.
 You had 4 out of 50 energy points (spell power).
 Your armor class was 5.
 Your wallet contained 681 zorkmids.
 Autopickup was off.

Final Characteristics:
 Your strength was 12 (limit:18).
 Your dexterity was 12 (limit:18).
 Your constitution was 16 (limit:16).
 Your intelligence was 19 (limit:20).
 Your wisdom was 8 (limit:20).
 Your charisma was 9 (limit:18).

Final Status:
 You weren't hungry.
 You were unencumbered.
 You were wielding a quarterstaff.
 You had basic skill with quarterstaff.

Final Attributes:
 You were devoutly aligned.
 You were magic-protected.
 You were sleep resistant.
 You had infravision.
 You were warded.
 You are dead.

Miscellaneous:
 You encountered 1 bones level.
 Total elapsed playing time was 27 minutes and 34 seconds.

Major events:
 Turn
    1: Atomicjoy the chaotic male elven Wizard entered the dungeon
 1059: entered the Gnomish Mines
 1174: attained the rank of Conjurer (level 3)
 1741: killed by an invisible human mummy of spunkinho

Spells:
 Name                 Level Category     Fail Retention
 force bolt             1   attack         0%  91%-100%
 light                  1   divination     0%  76%-100%
 extra healing          3   healing       81%  76%-100%
 create monster         2   clerical      51%  76%-100%

Skills:
 Fighting Skills
   bare handed combat [Unskilled]
   riding             [Unskilled]
 Weapon Skills
   dagger             [Unskilled]
   knife              [Unskilled]
   axe                [Unskilled]
   short sword        [Unskilled]
   club               [Unskilled]
   mace               [Unskilled]
   quarterstaff       [Basic]
   polearms           [Unskilled]
   spear              [Unskilled]
   trident            [Unskilled]
   sling              [Unskilled]
   dart               [Unskilled]
   shuriken           [Unskilled]
 Spellcasting Skills
   attack spells      [Basic]
   healing spells     [Unskilled]
   divination spells  [Unskilled]
   enchantment spells [Basic]
   clerical spells    [Unskilled]
   escape spells      [Unskilled]
   matter spells      [Unskilled]

Voluntary challenges:
 Character rerolling was not enabled.
 You were an atheist.
 You never genocided any monsters.
 You never polymorphed an object.
 You never changed form.
 You used no wishes.
Achievements:
 You entered a shop.
 You entered the Gnomish Mines.
 You attained the rank of Conjurer.

 The Dungeons of Doom: levels 1 to 3
    Level 1:
    Level 2:
       A general store.
       Stairs down to The Gnomish Mines.
    Level 3:
 The Gnomish Mines: levels 3 to 4
    Level 3:
    Level 4: <- You were here.
       Final resting place for
          you, killed by an invisible human mummy of spunkinho,
          jvanheel-Rog-Hum-Mal-Cha, killed by a hobbit,
          spunkinho-Sam-Hum-Mal-Law, killed by a gnome mummy, while frozen by a floating eye's gaze.


Vanquished creatures:
  a gnome ruler
  a gnome leader
  2 dwarves
  a giant bat
 an iguana
  2 acid blobs
  3 hobbits
  9 gnomes
  a gecko
  2 jackals
  2 foxes
  a kobold
  2 goblins
  2 sewer rats
  4 grid bugs
  6 lichens
  a kobold zombie
  3 newts
44 creatures vanquished.

No species were genocided or became extinct.

Game over:
                       ----------
                      /          \
                     /    REST    \
                    /      IN      \
                   /     PEACE      \
                  /                  \
                  |    Atomicjoy     |
                  |      681 Au      |
                  |   killed by an   |
                  | invisible human  |
                  |     mummy of     |
                  |    spunkinho     |
                  |       2026       |
                 *|     *  *  *      | *
        _________)/\\_//(\/(/\)/\//\/|_)_______

Goodbye Atomicjoy the Wizard...

You died in The Gnomish Mines on dungeon level 4 with 1263 points,
and 681 pieces of gold, after 1741 moves.
You were level 4 with a maximum of 30 hit points when you died.

